Cogmind - Beta 14 @@@ ROGUE MODE // 2024.11.08 @ 07:55:42 Player: WazdakkaGutsmek Result: Escaped! Performance ------------- Evolutions (9) 4500 Regions Visited (23) 4600 Robots Destroyed (297) 1485 Value Destroyed (17101) 17101 Prototype IDs (33) 660 Alien Tech Used (0) 0 Bonus (16281) 16281 TOTAL SCORE: 44627 Bonus ------- High Alert Combat Kills 5605 Follower Combat Kills 4222 Entered Garrisons 1600 Used RIF Installer 4500 Aligned with FarCom 300 Win 3000 Friendly Fire -2946 Cogmind --------- Core Integrity 811/1600 Matter 207/300 Energy 93/100 System Corruption 12% Temperature Cool (0) Movement Core (50) Location To Epsilon Eridani Parts ------- > --- POWER (1) -------- (None) > --- PROPULSION (4) --- (None) > --- UTILITY (17) ----- (None) > --- WEAPON (3) ------- (None) > --- INVENTORY (5) ---- Impulse Thruster Impulse Thruster Impulse Thruster Array Advanced Remote Datajack Peak State ------------ > --- POWER ------------ Reinforced Quantum Reactor > --- PROPULSION ------- Heavy Treads Heavy Treads > --- UTILITY ---------- Advanced Cooling System Improved Coolant Injector Advanced Coolant Injector Huge Storage Unit Hardened Heavy Armor Plating Hardened Heavy Armor Plating Hardened Heavy Armor Plating Improved Focal Shield Relay Coupler [NC] Relay Coupler [C] Relay Coupler [Cutter] Relay Coupler [Sentry] Relay Coupler [Demolisher] Relay Coupler [Specialist] > --- WEAPON ----------- Enhanced Quantum Rifle Enhanced Nova Cannon Advanced Remote Datajack > --- INVENTORY -------- Medium Treads Medium Treads High-density Centrium Wheel Compact Matter Pod Antimissile System Relay Coupler [C] Relay Coupler [C] Relay Coupler [Sentry] Relay Coupler [Sentry] Relay Coupler [Demolisher] Relay Coupler [Specialist] Relay Coupler [Heavy] Enhanced Quantum Rifle Enhanced Quantum Rifle Matter Neutralizer Nova Cannon KE Penetrator Hardcell Cannon Smartbomb Launcher Micro-nuke Launcher Advanced Micro-nuke Launcher Advanced Remote Datajack [Rating: 150] Favorites ----------- Power Reinforced Quantum Reactor Engine Heavy Ion Engine Power Core Micro Nuclear Core Reactor Reinforced Quantum Reactor Propulsion Light Treads Treads Light Treads Leg Carbon-fiber Leg Wheel Armored Wheel Flight Unit Impulse Thruster Utility Huge Storage Unit Device Advanced Heat Sink Storage Huge Storage Unit Processor Core Analyzer Hackware Relay Coupler [Grunt] Protection Layered Light Armor Plating Weapon Enhanced Nova Cannon Energy Gun Pulse Rifle Energy Cannon Enhanced Nova Cannon Ballistic Gun KE Penetrator Ballistic Cannon Improved Light Cannon Launcher Mini Grenade Launcher Special Weapon Advanced Remote Datajack Impact Weapon Power Maul Slashing Weapon Power Sword Build | -11 -10 -10 -9 -9 -9 -8 -8 -8 -7 -7 -7 -7 -6 -6 -5 -5 -4 -4 -3 -3 -2 -2 -1 ------- Run | Yrd Mat Min Mat Min Exi Min Mat Gar Fac Gar Fac Gar Fac Gar Fac Gar Fac Gar Res Gar Res Gar Acc Slots Evolved 18 | . . . 2 . . . 2 . 2 . . . 2 . 2 . 2 . 2 . 2 . 2 Power . | . . . . . . . . . . . . . . . . . . . . . . . . Propulsion 2 | . . . . . . . . . 2 . . . . . . . . . . . . . . Utility 15 | . . . 2 . . . 1 . . . . . 2 . 2 . 2 . 2 . 2 . 2 Weapon 1 | . . . . . . . 1 . . . . . . . . . . . . . . . . Parts Attached 304 | . 8 . 7 1 2 . 19 6 . 14 1 5 15 42 1 41 29 14 34 35 4 5 21 Power 22 | . 2 . 2 . . . 1 . . 1 . . 2 3 . 3 1 . . 1 2 . 4 Engine 9 | . 2 . 2 . . . 1 . . . . . 1 1 . 2 . . . . . . . Core 3 | . . . . . . . . . . 1 . . 1 1 . . . . . . . . . Reactor 10 | . . . . . . . . . . . . . . 1 . 1 1 . . 1 2 . 4 Propulsion 46 | . 2 . 1 1 . . 3 . . 3 . 2 3 5 . 8 1 1 6 5 . . 5 Treads 30 | . 2 . 1 . . . 2 . . 3 . 2 3 5 . 2 1 1 3 5 . . . Leg 7 | . . . . . . . . . . . . . . . . 6 . . . . . . 1 Wheel 6 | . . . . 1 . . 1 . . . . . . . . . . . 3 . . . 1 Hover . | . . . . . . . . . . . . . . . . . . . . . . . . Flight 3 | . . . . . . . . . . . . . . . . . . . . . . . 3 Utility 105 | . 2 . . . 1 . 10 4 . 3 . 1 4 13 . 12 10 9 11 16 2 2 5 Device 35 | . . . . . . . 1 1 . 1 . . 1 2 . 6 5 2 3 9 . . 4 Storage 4 | . 1 . . . 1 . 1 . . . . . . . . . 1 . . . . . . Processor 7 | . . . . . . . 1 . . . . . . . . 1 1 1 3 . . . . Hackware 19 | . . . . . . . . . . . . . . 3 . 2 1 5 1 5 . 2 . Protection 40 | . 1 . . . . . 7 3 . 2 . 1 3 8 . 3 2 1 4 2 2 . 1 Artifact . | . . . . . . . . . . . . . . . . . . . . . . . . Weapon 131 | . 2 . 4 . 1 . 5 2 . 7 1 2 6 21 1 18 17 4 17 13 . 3 7 Energy Gun 25 | . 1 . 1 . . . 3 1 . . 1 1 1 5 . 3 2 . 3 . . 2 1 Energy Cannon 21 | . . . . . . . . 1 . 1 . . . . . 2 1 1 4 6 . . 5 Ballistic Gun 28 | . 1 . 1 . 1 . . . . 4 . . 4 4 . 5 8 . . . . . . Ballistic Cannon 13 | . . . 2 . . . 1 . . . . . . 3 . 1 . 1 3 2 . . . Launcher 14 | . . . . . . . 1 . . 2 . 1 1 1 . 3 1 . 2 . . 1 1 Special Weapon 24 | . . . . . . . . . . . . . . 4 . 4 5 2 5 4 . . . Impact Weapon 5 | . . . . . . . . . . . . . . 3 1 . . . . 1 . . . Slashing Weapon 1 | . . . . . . . . . . . . . . 1 . . . . . . . . . Piercing Weapon . | . . . . . . . . . . . . . . . . . . . . . . . . Special Melee Weapon . | . . . . . . . . . . . . . . . . . . . . . . . . Unidentified Prototypes 10 | . . . 1 . . . 1 . . . . . 1 2 . . 1 . 2 1 1 . . Corrupted Parts 1 | . . . . . . . . . . . . . . . . 1 . . . . . . . System Corruption 1 | . . . . . . . . . . . . . . . . 1 . . . . . . . Parts Lost 101 | . 3 . 5 . . . 4 . . 2 . 2 5 20 . 11 5 6 13 11 . . 14 Power 9 | . 1 . . . . . 1 . . . . 1 . 3 . 1 . . . . . . 2 Propulsion 23 | . . . 2 . . . . . . 1 . 1 1 5 . 6 . 1 2 2 . . 2 Utility 49 | . . . 1 . . . 3 . . 1 . . 3 6 . 3 5 5 8 6 . . 8 Weapon 20 | . 2 . 2 . . . . . . . . . 1 6 . 1 . . 3 3 . . 2 Highest Loss Streak 11 | . 2 . 2 . . . 4 . . 2 . 1 2 11 . 5 3 3 5 3 . . 10 To Critical Strikes 2 | . . . . . . . . . . . . 1 . . . . . . . 1 . . . Average Slot Usage (%) 77 | . 85 100 63 66 59 55 65 96 84 95 100 97 90 72 58 73 75 79 84 79 82 77 69 Engine 3 | . 13 14 11 11 11 11 8 9 7 1 . . 1 1 . 2 3 . . . . . . Reactor 1 | . . . . . . . . . . . . . . . . 2 1 5 4 3 3 4 3 Treads 12 | . 12 28 15 11 11 11 5 18 15 26 30 29 25 15 17 2 10 10 8 10 8 8 6 Leg 1 | . 15 . . . . . . . . . . . . . . 13 . . . . . . . Wheel 1 | . . . . 11 11 11 6 . . . . . . . . . . . . . . . . Device 9 | . . . . . . . . 5 7 7 7 7 6 10 5 7 18 13 12 14 17 13 13 Storage 6 | . 14 14 11 11 11 11 9 9 7 7 7 7 6 6 5 5 4 5 4 4 4 4 3 Processor 3 | . . . . . . . 3 9 7 . . . . . . 2 5 6 14 11 5 . . Hackware 8 | . . . . . . . . . . . . . . 5 5 8 9 19 15 13 21 28 21 Protection 9 | . 5 14 4 . . . 17 21 15 22 23 23 24 9 5 8 5 1 8 4 7 8 9 Energy Gun 4 | . 2 14 9 . . . 5 14 15 1 7 7 6 6 9 6 4 6 2 . . 1 1 Energy Cannon 2 | . . . . . . . . 5 7 3 . . . . . . . 3 6 9 8 1 5 Ballistic Gun 5 | . 21 14 4 11 10 11 9 2 . 12 15 13 12 5 5 4 9 1 . . . . . Ballistic Cannon 1 | . . . 7 11 4 . . . . . . . . 2 . . . 2 1 1 . . . Peak Build Rating 150 | . 7 7 11 12 25 24 41 41 39 55 55 55 62 71 39 113 132 132 143 144 134 134 150 Average Rating 76 | . 6 7 9 12 19 24 32 38 39 47 55 52 53 48 38 67 114 124 138 120 131 127 128 On Entrance 55 | 6 6 7 7 10 12 24 24 41 39 39 54 55 45 42 38 39 108 117 123 109 126 133 127 Naked Turns 14 | . . . . . . . . . . . . . . . . . . . . . . . 14 Heaviest Build 207 | 14 20 20 25 25 68 58 124 117 112 115 114 114 124 125 96 128 147 144 168 167 185 185 207 Greatest Support 160 | 20 40 40 40 12 12 12 42 42 42 88 88 88 84 88 60 155 155 160 160 150 140 140 140 Greatest Overweight (x) 48 | . . . 8 2 5 4 10 2 2 2 1 1 1 31 1 41 . . 48 1 1 1 5 Average Overweight (x) 1 | . . . . 2 2 4 5 2 2 1 1 1 1 1 1 1 . . 1 . 1 1 . Largest Inventory Capacity 25 | . 10 10 10 10 20 20 25 25 25 25 25 25 25 25 25 25 25 25 25 25 25 25 25 Average Capacity 22 | . 9 10 10 10 13 20 23 25 25 25 25 25 25 25 25 25 24 25 25 25 25 25 21 Most Carried 25 | . 10 5 8 6 9 8 17 24 24 25 24 25 24 23 15 25 25 25 25 25 25 25 25 Average Carried 18 | . 6 5 6 6 7 8 13 20 24 23 24 24 22 14 14 19 23 23 24 22 24 23 19 Final Capacity 25 | 8 10 10 10 10 20 20 25 25 25 25 25 25 25 25 25 25 25 25 25 25 25 25 5 Final Carried 25 | 6 5 5 7 6 8 8 17 24 24 24 24 24 24 14 15 25 25 23 25 25 24 25 5 Class Distribution -------------------- 19% | Botlord-Skirmisher 16% | Mutant 14% | Bothacker-Tank 14% | Botlord-Gunner 11% | Botlord-Tank 8% | Tank 5% | Botlord-Mutant 5% | Bothacker-Mutant Dominant Class ---------------- Mutant | -10/Materials Mutant | -10/Mines Mutant | -9/Materials Mutant | -9/Mines Mutant | -9/Exiles Mutant | -8/Mines Tank | -8/Materials Tank | -8/Garrison Tank | -7/Factory Bothacker-Tank | -7/Garrison Bothacker-Tank | -7/Factory Bothacker-Tank | -7/Garrison Bothacker-Tank | -6/Factory Bothacker-Mutant | -6/Garrison Botlord-Skirmisher | -5/Factory Botlord-Tank | -5/Garrison Botlord-Skirmisher | -4/Factory Botlord-Skirmisher | -4/Garrison Botlord-Gunner | -3/Research Botlord-Skirmisher | -3/Garrison Botlord-Tank | -2/Research Botlord-Mutant | -2/Garrison Botlord-Tank | -1/Access Resources | -11 -10 -10 -9 -9 -9 -8 -8 -8 -7 -7 -7 -7 -6 -6 -5 -5 -4 -4 -3 -3 -2 -2 -1 ----------- Run | Yrd Mat Min Mat Min Exi Min Mat Gar Fac Gar Fac Gar Fac Gar Fac Gar Fac Gar Res Gar Res Gar Acc Matter Collected 8206 | 200 300 . 391 43 34 . 294 98 . 465 . 456 175 965 . 672 833 478 829 788 . 600 585 Remotely . | . . . . . . . . . . . . . . . . . . . . . . . . Salvage Created 13208 | . 601 . 586 15 . 17 1248 595 . 619 . 644 375 1039 . 668 1099 995 1903 1312 . 258 1234 Parts 621 | . 22 . 46 . . 3 78 41 . 37 . 33 21 36 . 29 41 44 103 50 . 1 36 Haulers Intercepted 8 | . 2 . 1 . . . 3 . . . . . . . . . . . 1 . . . 1 Recyclers Shooed 5 | . 1 . . . . . . . . . . . . . . . 3 . 1 . . . . Parts Field Recycled . | . . . . . . . . . . . . . . . . . . . . . . . . Retrieved Matter . | . . . . . . . . . . . . . . . . . . . . . . . . Parts Self-Destructed . | . . . . . . . . . . . . . . . . . . . . . . . . Prevented . | . . . . . . . . . . . . . . . . . . . . . . . . Kills | -11 -10 -10 -9 -9 -9 -8 -8 -8 -7 -7 -7 -7 -6 -6 -5 -5 -4 -4 -3 -3 -2 -2 -1 ------- Run | Yrd Mat Min Mat Min Exi Min Mat Gar Fac Gar Fac Gar Fac Gar Fac Gar Fac Gar Res Gar Res Gar Acc Combat Hostiles Destroyed 252 | . 9 . 21 3 . 1 27 14 . 19 . 15 10 22 . 14 13 16 24 20 . 6 18 Melee 3 | . . . . . . . . . . . . . . 3 . . . . . . . . . Guns 115 | . 9 . 8 1 . 1 26 12 . 9 . 13 6 8 . 3 9 6 3 . . . 1 Cannons 78 | . . . 13 2 . . . 2 . 5 . . . 2 . 1 1 10 16 17 . . 9 AOE 47 | . . . . . . . 1 . . 5 . 2 4 6 . 9 2 . 3 1 . 6 8 Classes Destroyed 25 | . 3 . 7 2 . . 1 1 . 2 . . 1 2 . 1 3 . 2 . . . . Worker 3 | . . . 2 . . . . . . . . . . . . . . . 1 . . . . Builder 13 | . . . 1 . . . . . . . . . . . . . 2 . 8 . . . 2 Tunneler 1 | . . . . . . . . . . . . . . . . . . . 1 . . . . Hauler 8 | . 2 . 1 . . . 3 . . . . . . . . . . . 1 . . . 1 Recycler 5 | . 1 . . . . . . . . . . . . . . . 1 . 2 . . . 1 Mechanic 2 | . . . . . . . . . . . . . . . . . 2 . . . . . . Operator 1 | . . . 1 . . . . . . . . . . . . . . . . . . . . Drone 2 | . . . . . . . . . . . . . . . . . 2 . . . . . . Watcher 7 | . . . 1 . . . 4 1 . . . . . . . . 1 . . . . . . Swarmer 53 | . . . 10 . . 1 9 4 . 4 . 4 4 5 . 7 . 1 1 2 . . 1 Cutter 8 | . . . . . . . . . . 2 . . . 3 . . . . . 3 . . . Saboteur 1 | . . . . . . . . . . . . . . . . . . . 1 . . . . Grunt 104 | . 9 . 9 . . . 13 2 . 10 . 6 3 4 . 2 4 10 11 10 . 2 9 Brawler 7 | . . . 1 . . . 1 . . . . . . . . . 3 . . 1 . 1 . Duelist 6 | . . . . . . . . . . . . . 1 . . . 1 . 1 2 . . 1 Protector 1 | . . . . . . . . . . . . . . . . . 1 . . . . . . Sentry 26 | . . . 1 . . . 3 5 . 1 . 3 2 5 . 1 1 . 2 2 . . . Demolisher 2 | . . . . 1 . . . . . . . . . . . . . . 1 . . . . Specialist 2 | . . . . . . . . . . . . . . . . 2 . . . . . . . Hunter 13 | . . . . . . . . . . 1 . 2 . . . 2 2 2 . . . 2 2 Programmer 25 | . . . . . . . . 3 . 1 . . . 1 . . 3 3 8 1 . . 5 Heavy 2 | . . . . . . . 1 . . . . . . . . . . . 1 . . . . Behemoth 4 | . . . . . . . . . . . . . . 2 . . . . . 1 . 1 . Striker 2 | . . . . . . . . . . . . . . 2 . . . . . . . . . Assembled 2 | . . . . 2 . . . . . . . . . . . . . . . . . . . Savage 1 | . . . . . . . . . . . . . . . . 1 . . . . . . . Best Kill Streak 12 | . 2 . 10 1 . 1 10 4 . 10 . 4 4 6 . 5 5 3 12 4 . 4 12 Combat Bots Only 10 | . 2 . 9 1 . 1 10 4 . 10 . 4 4 6 . 5 4 3 4 4 . 4 10 Max Kills in Single Turn 6 | . 1 . 2 1 . 1 3 2 . 3 . 2 1 3 . 2 3 2 6 1 . 2 3 Gunslinging . | . . . . . . . . . . . . . . . . . . . . . . . . Exploded 3 | . . . . . . . 1 . . 3 . 2 1 3 . 2 2 . 2 1 . 2 2 Melee 1 | . . . . . . . . . . . . . . 1 . . . . . . . . . Uniques/NPCs Destroyed . | . . . . . . . . . . . . . . . . . . . . . . . . Combat | -11 -10 -10 -9 -9 -9 -8 -8 -8 -7 -7 -7 -7 -6 -6 -5 -5 -4 -4 -3 -3 -2 -2 -1 -------- Run | Yrd Mat Min Mat Min Exi Min Mat Gar Fac Gar Fac Gar Fac Gar Fac Gar Fac Gar Res Gar Res Gar Acc Hostile Shots Fired 1873 | . 86 . 115 1 . . 53 27 . 149 . 84 124 208 . 135 93 125 217 124 . 26 306 Missed 605 | . 18 . 40 . . . 18 12 . 42 . 29 50 68 . 31 31 44 77 33 . 10 102 Damage Taken 25615 | . 829 . 753 17 . . 838 388 . 1577 . 775 1135 3440 . 1824 1840 1569 3790 2454 . 460 3926 Core 2745 | . 153 . 89 17 . . 10 30 . 85 . 65 97 432 . 257 78 180 287 146 . 30 789 Absorbed by Shields 212 | . . . . . . . . . . . . 26 . 5 . . 73 85 . 11 . 12 . Reduced by Siege Mode 98 | . . . . . . . . . . . . . . . . . 98 . . . . . . Redirected to Shielding 159 | . . . . . . . . . . . . . . . . . . . 101 58 . . . Ignored by Resistances 453 | . . . . . . . . . . . . . . . . . . . . 27 . . 426 Regen/Repaired (Parts) 579 | . . . . . . . . . . . . . . . . . 579 . . . . . . Core Remaining (%) 71 | 100 . 38 . . . 73 . 92 . . . 78 . 37 . 74 . 77 . 66 . 97 50 Volleys Fired 842 | . 71 . 82 4 . . 20 10 . 49 . 37 20 51 1 54 67 81 79 91 . 48 77 Largest 3 | . 2 . 2 2 . . 1 3 . 3 . 3 3 3 2 3 3 3 3 3 . 2 3 Hottest 353 | . 60 . 95 62 . . 63 206 . 206 . 150 143 176 99 190 250 251 346 353 . 218 290 Shots Fired 1752 | . 114 . 150 8 . 1 112 48 . 101 . 92 56 119 2 92 155 166 191 180 . 49 116 Gun 966 | . 114 . 76 4 . 1 100 40 . 73 . 90 49 78 2 67 140 79 44 . . 5 4 Cannon 572 | . . . 74 4 . . 9 8 . 16 . . . 30 . 10 4 57 134 155 . 3 68 Launcher 59 | . . . . . . . 3 . . 12 . 2 7 6 . 6 3 . 2 2 . 9 7 Special 155 | . . . . . . . . . . . . . . 5 . 9 8 30 11 23 . 32 37 Kinetic 785 | . 105 . 86 8 . 1 101 22 . 67 . 65 32 83 1 31 103 38 21 21 . . . Thermal 740 | . 9 . 64 . . . 8 26 . 22 . 25 17 25 1 38 41 98 152 134 . 8 72 Explosive 59 | . . . . . . . 3 . . 12 . 2 7 6 . 6 3 . 2 2 . 9 7 Electromagnetic 13 | . . . . . . . . . . . . . . . . 8 . . 5 . . . . Robot Hit Streak 26 | . 7 . 9 3 . 3 14 16 . 9 . 9 9 14 . 15 11 14 6 11 . 26 19 Robot Miss Streak 8 | . 3 . 8 1 . . 3 3 . 4 . 3 8 6 . 2 4 8 8 3 . 1 4 Penetration Max 1 | . . . . . . . . . . 1 . 1 1 1 . . 1 1 1 . . . . Secondary Targets 11 | . 1 . . . . . . . . 1 . 2 2 2 . 1 2 . . . . . . Max Gunslinging Chain 1 | . 1 . . . . . . . . 1 . 1 1 1 . 1 1 . . . . . . Autonomous 116 | . . . . . . 1 92 23 . . . . . . . . . . . . . . . Shots Hit Robots 1055 | . 70 . 74 5 . 1 78 29 . 51 . 53 31 107 . 67 100 94 90 105 . 33 67 Core Hits 574 | . 30 . 31 4 . 1 47 19 . 38 . 33 23 63 . 41 54 29 57 43 . 23 38 Critical Kills 23 | . 1 . . . . . 1 . . . . 1 1 1 . . . 7 9 2 . . . Critical Parts Destroyed 19 | . 1 . . . . . 1 . . . . . 1 5 . . 1 7 2 1 . . . Critical Strikes 63 | . 2 . 6 . . . 2 . . . . 1 3 16 . . 1 14 13 5 . . . Burn 3 | . . . 2 . . . . . . . . . 1 . . . . . . . . . . Meltdown 4 | . . . . . . . . . . . . . . . . . . . 2 2 . . . Destroy 33 | . 2 . . . . . 2 . . . . 1 2 1 . . 1 14 10 . . . . Blast 10 | . . . 4 . . . . . . . . . . 4 . . . . . 2 . . . Corrupt 1 | . . . . . . . . . . . . . . . . . . . 1 . . . . Smash 9 | . . . . . . . . . . . . . . 8 . . . . . 1 . . . Sever 3 | . . . . . . . . . . . . . . 3 . . . . . . . . . Melee Attacks 56 | . . . . . . . . . . . . . . 46 6 . . . . 4 . . . Impact 48 | . . . . . . . . . . . . . . 38 6 . . . . 4 . . . Slashing 8 | . . . . . . . . . . . . . . 8 . . . . . . . . . Piercing . | . . . . . . . . . . . . . . . . . . . . . . . . Sneak Attacks . | . . . . . . . . . . . . . . . . . . . . . . . . Combat Hostiles . | . . . . . . . . . . . . . . . . . . . . . . . . Follow-up Attacks . | . . . . . . . . . . . . . . . . . . . . . . . . Damage Inflicted 36199 | . 750 . 1400 91 . 27 2377 836 . 1832 . 1377 993 4391 . 1946 3954 2080 4454 4092 . 1857 3742 Guns 13580 | . 750 . 531 30 . 27 2137 701 . 945 . 1142 610 1238 . 969 2412 1024 858 . . 93 113 Cannons 11451 | . . . 869 61 . . 62 135 . 240 . . . 606 . 148 169 1056 2715 3667 . . 1723 Explosions 9202 | . . . . . . . 178 . . 647 . 235 374 711 . 829 1363 . 815 380 . 1764 1906 Melee 1881 | . . . . . . . . . . . . . . 1836 . . . . . 45 . . . Ramming 85 | . . . . . . . . . . . . . 9 . . . 10 . 66 . . . . Kinetic 11360 | . 694 . 955 91 . 27 2096 489 . 911 . 724 494 1422 . 441 1846 499 232 439 . . . Thermal 13996 | . 56 . 445 . . . 103 347 . 274 . 418 116 422 . 581 1179 1581 3317 3228 . 93 1836 Explosive 8758 | . . . . . . . 178 . . 647 . 235 374 711 . 829 919 . 815 380 . 1764 1906 Electromagnetic 119 | . . . . . . . . . . . . . . . . 95 . . 24 . . . . Impact 1717 | . . . . . . . . . . . . . . 1672 . . . . . 45 . . . Slashing 164 | . . . . . . . . . . . . . . 164 . . . . . . . . . Piercing . | . . . . . . . . . . . . . . . . . . . . . . . . Highest Corruption 15 | . . . 4 4 4 4 3 6 . . . . 1 1 . 2 13 15 10 15 . 1 12 Average Corruption 5 | . . . 4 4 4 4 3 5 . . . . 1 1 . 1 4 13 5 12 . 1 4 Corruption Purged . | . . . . . . . . . . . . . . . . . . . . . . . . Corruption Blocked . | . . . . . . . . . . . . . . . . . . . . . . . . Effects 306 | . . . 4 10 14 8 10 30 . . . . . 18 . 4 9 55 32 87 . 8 17 Message Errors 77 | . . . 1 4 3 3 1 8 . . . . . 6 . 1 1 9 8 24 . 4 4 Matter Fused 67 | . . . 2 1 3 1 1 7 . . . . . 4 . 1 1 13 9 16 . 3 5 Heat Flow Errors 47 | . . . . 1 1 1 5 8 . . . . . 2 . 1 2 8 4 12 . . 2 Energy Discharges 42 | . . . 1 2 5 1 1 2 . . . . . 5 . 1 2 6 4 11 . . 1 Parts Rejected 3 | . . . . . . . . 1 . . . . . . . . . 1 . 1 . . . Parts Fused 2 | . . . . . . . . . . . . . . . . . . . . 2 . . . Data Loss (minor) 32 | . . . . 2 2 2 . . . . . . . . . . 1 10 4 9 . 1 1 Data Loss (major) 15 | . . . . . . . . 1 . . . . . 1 . . . 4 . 7 . . 2 Misfires 7 | . . . . . . . 1 2 . . . . . . . . . 2 2 . . . . Alerts 3 | . . . . . . . . 1 . . . . . . . . . . . 2 . . . Misdirections 1 | . . . . . . . . . . . . . . . . . . . . 1 . . . Weapon Failures 10 | . . . . . . . 1 . . . . . . . . . 2 2 1 2 . . 2 Overload Shots . | . . . . . . . . . . . . . . . . . . . . . . . . Overflow Damage 937 | . . . 8 . . . . . . 29 . 22 . 385 . 46 45 10 159 90 . . 143 Projectiles 292 | . . . 8 . . . . . . . . . . . . . . 10 129 29 . . 116 Explosions 185 | . . . . . . . . . . 29 . 22 . . . 46 45 . . 16 . . 27 Melee 460 | . . . . . . . . . . . . . . 385 . . . . 30 45 . . . Knockbacks 21 | . . . 11 . . . . . . . . . . 4 . . . 4 1 1 . . . Impact 2 | . . . . . . . . . . . . . . 1 . . . . . 1 . . . Kinetic 18 | . . . 11 . . . . . . . . . . 3 . . . 3 1 . . . . Secondary 1 | . . . . . . . . . . . . . . . . . . 1 . . . . . Self-Inflicted Damage 525 | . . . . . . . . . . . . 41 113 . . 52 279 . . 40 . . . Shots 12 | . . . . . . . . . . . . 1 4 . . 1 5 . . 1 . . . Rammed 4 | . . . . . . . . . . . . . 1 . . . 1 . 2 . . . . Targets Rammed 4 | . . . . . . . . . . . . . 1 . . . 1 . 2 . . . . Kicked . | . . . . . . . . . . . . . . . . . . . . . . . . Crushed . | . . . . . . . . . . . . . . . . . . . . . . . . Highest Temperature 407 | . 211 . 240 150 177 262 222 270 . 363 . 192 138 191 . 163 37 . 260 198 233 81 407 Average Temperature 89 | . 60 . 95 84 177 141 91 91 . 90 . 60 58 78 . 44 20 . 95 89 146 34 118 Received Heat Transfer 3888 | . 471 . 246 . . . 162 18 . 693 . 178 231 261 . 417 76 258 270 319 . 99 189 Effects 6 | . . . 2 . . 1 . 2 . 1 . . . . . . . . . . . . . Shutdowns 1 | . . . . . . . . . . 1 . . . . . . . . . . . . . Energy Bleed 1 | . . . . . . 1 . . . . . . . . . . . . . . . . . Interference 4 | . . . 2 . . . . 2 . . . . . . . . . . . . . . . Siege Activations 1 | . . . . . . . . . . . . . . . . . 1 . . . . . . Total Turns 27 | . . . . . . . . . . . . . . . . . 27 . . . . . . Longest Duration 27 | . . . . . . . . . . . . . . . . . 27 . . . . . . Robots Corrupted 6 | . . . . . . . . . . . . . . 5 . . . . . 1 . . . Combat Hostiles 6 | . . . . . . . . . . . . . . 5 . . . . . 1 . . . Parts Fried 8 | . . . . . . . . . . . . . . 4 . . . . 4 . . . . Impact Corruptions 20 | . . . . . . . . . . . . . . 15 . . . . 1 4 . . . Robots Melted 6 | . . . . . . . . . . . . . . . . 1 1 . 2 2 . . . Combat Hostiles 5 | . . . . . . . . . . . . . . . . 1 1 . 2 1 . . . Parts Melted 38 | . . . 2 . . . . 3 . . . 1 . 1 . 1 1 2 11 9 . . 7 Heat Transferred 16021 | . 125 . 1295 . . . 222 694 . 524 . 918 375 843 . 1000 1117 1417 2997 2903 . 111 1480 Parts Sabotaged 6 | . . . . . . . . . . . . . . . . 6 . . . . . . . Parts Stolen . | . . . . . . . . . . . . . . . . . . . . . . . . Parts Stripped . | . . . . . . . . . . . . . . . . . . . . . . . . Power Chain Reactions . | . . . . . . . . . . . . . . . . . . . . . . . . Alert | -11 -10 -10 -9 -9 -9 -8 -8 -8 -7 -7 -7 -7 -6 -6 -5 -5 -4 -4 -3 -3 -2 -2 -1 ------- Run | Yrd Mat Min Mat Min Exi Min Mat Gar Fac Gar Fac Gar Fac Gar Fac Gar Fac Gar Res Gar Res Gar Acc Peak Influence 2140 | . 184 42 454 182 . 21 607 562 294 971 509 747 472 2111 1120 1666 1180 1492 1285 2140 1206 2034 1534 Initial 1220 | . . 42 16 162 . . . 169 294 205 509 356 392 325 1108 784 874 826 839 948 1203 904 1220 Average 882 | . 65 42 255 101 . 1 196 474 294 628 509 529 398 1112 1109 1139 933 1121 827 1570 1203 1554 1268 Maximum Alert Level 5 | . . . 2 . . . 2 2 1 3 2 3 2 5 4 5 4 4 4 5 4 5 4 Low Security (%) 13 | . 100 100 35 100 . 100 65 3 . . . . . . . . . . . . . . . Level 1 9 | . . . 47 . . . 15 17 100 11 . 30 45 19 . . . . . . . . . Level 2 15 | . . . 17 . . . 18 79 . 49 100 54 54 17 . . 4 . 1 . . . 6 Level 3 27 | . . . . . . . . . . 39 . 14 . 4 . 47 89 61 97 11 . 29 7 Level 4 21 | . . . . . . . . . . . . . . 32 100 33 6 38 1 37 100 3 86 Level 5 13 | . . . . . . . . . . . . . . 26 . 19 . . . 51 . 66 . High Security . | . . . . . . . . . . . . . . . . . . . . . . . . Max Security . | . . . . . . . . . . . . . . . . . . . . . . . . Squads Dispatched 54 | . 3 . 2 . . . 7 . . . . . . . 3 . 9 . 15 . . . 15 Investigation 2 | . . . 1 . . . . . . . . . . . . . . . . . . . 1 Extermination 11 | . . . . . . . . . . . . . . . 1 . 1 . 5 . . . 4 Reinforcement 21 | . 3 . 1 . . . 4 . . . . . . . . . 2 . 5 . . . 6 Assault 11 | . . . . . . . . . . . . . . . 2 . 4 . 3 . . . 2 Garrison 9 | . . . . . . . 3 . . . . . . . . . 2 . 2 . . . 2 Intercept . | . . . . . . . . . . . . . . . . . . . . . . . . Searches Triggered . | . . . . . . . . . . . . . . . . . . . . . . . . Construction Impeded 6 | . . . . . . . 1 . . . . . . . . . 2 . 2 . . . 1 Haulers Reinforced 3 | . . . . . . . . . . . . . . . . . . . 1 . . . 2 Active Scanning Responses . | . . . . . . . . . . . . . . . . . . . . . . . . Cargo Convoy Interrupts 1 | . . . . . . . . . . . . . 1 . . . . . . . . . . Stealth | -11 -10 -10 -9 -9 -9 -8 -8 -8 -7 -7 -7 -7 -6 -6 -5 -5 -4 -4 -3 -3 -2 -2 -1 --------- Run | Yrd Mat Min Mat Min Exi Min Mat Gar Fac Gar Fac Gar Fac Gar Fac Gar Fac Gar Res Gar Res Gar Acc Distress Signals 15 | . 2 . 1 . . . 1 . . . . . . . . . 1 . 5 . . . 5 Communications Jammed . | . . . . . . . . . . . . . . . . . . . . . . . . Distress Signals . | . . . . . . . . . . . . . . . . . . . . . . . . Times Spotted 484 | . 17 . 32 3 . . 32 14 . 24 . 13 16 32 . 30 33 38 63 38 . 29 70 Peak Tracking Total 10 | . 4 . 10 1 . . 5 4 . 8 . 4 7 7 3 4 7 7 8 5 . 7 8 Tactical Retreats 15 | . . . 2 . . . 1 1 . . . . 1 1 . . 1 2 1 1 . 1 3 Traps | -11 -10 -10 -9 -9 -9 -8 -8 -8 -7 -7 -7 -7 -6 -6 -5 -5 -4 -4 -3 -3 -2 -2 -1 ------- Run | Yrd Mat Min Mat Min Exi Min Mat Gar Fac Gar Fac Gar Fac Gar Fac Gar Fac Gar Res Gar Res Gar Acc Traps Triggered 39 | . . . 1 . . . . 4 . 3 . 5 1 5 . 3 . 2 1 9 . 5 . Indirectly . | . . . . . . . . . . . . . . . . . . . . . . . . Trap Hack Attempts . | . . . . . . . . . . . . . . . . . . . . . . . . Triggered . | . . . . . . . . . . . . . . . . . . . . . . . . Disarmed . | . . . . . . . . . . . . . . . . . . . . . . . . Reprogrammed . | . . . . . . . . . . . . . . . . . . . . . . . . Reused . | . . . . . . . . . . . . . . . . . . . . . . . . Traps Extracted . | . . . . . . . . . . . . . . . . . . . . . . . . Installed . | . . . . . . . . . . . . . . . . . . . . . . . . Triggered . | . . . . . . . . . . . . . . . . . . . . . . . . Machines | -11 -10 -10 -9 -9 -9 -8 -8 -8 -7 -7 -7 -7 -6 -6 -5 -5 -4 -4 -3 -3 -2 -2 -1 ---------- Run | Yrd Mat Min Mat Min Exi Min Mat Gar Fac Gar Fac Gar Fac Gar Fac Gar Fac Gar Res Gar Res Gar Acc Machines Disabled 56 | . . . 2 . . . 1 2 . 5 . . . 5 . 6 10 5 1 9 . 6 4 Max in Single Turn 3 | . . . 1 . . . 1 1 . 1 . . . 1 . 1 3 1 1 1 . 1 1 Garrison Access 2 | . . . . . . . . . . . . . . . . . 1 . . . . . 1 Garrison Relay 19 | . . . . . . . . 1 . 3 . . . 3 . 1 . 3 . 4 . 4 . Energy Cycler 1 | . . . . . . . . . . . . . . . . . . . . . . . 1 Machines Repaired . | . . . . . . . . . . . . . . . . . . . . . . . . Machines Dismantled . | . . . . . . . . . . . . . . . . . . . . . . . . Machines Sabotaged . | . . . . . . . . . . . . . . . . . . . . . . . . Overloaded Fab Kills . | . . . . . . . . . . . . . . . . . . . . . . . . Hacking | -11 -10 -10 -9 -9 -9 -8 -8 -8 -7 -7 -7 -7 -6 -6 -5 -5 -4 -4 -3 -3 -2 -2 -1 --------- Run | Yrd Mat Min Mat Min Exi Min Mat Gar Fac Gar Fac Gar Fac Gar Fac Gar Fac Gar Res Gar Res Gar Acc Machines Accessed 36 | . . . 3 . 1 . 3 2 1 2 1 2 2 3 1 3 6 1 2 . 1 1 1 Terminals 22 | . . . 3 . . . 2 2 . 2 . 2 . 3 . 3 3 1 . . . 1 . Fabricators 2 | . . . . . . . . . . . . . . . . . 1 . 1 . . . . Repair Stations 2 | . . . . . . . . . . . . . 1 . . . 1 . . . . . . Recycling Units . | . . . . . . . . . . . . . . . . . . . . . . . . Scanalyzers . | . . . . . . . . . . . . . . . . . . . . . . . . Garrison Access 9 | . . . . . . . 1 . 1 . 1 . 1 . 1 . 1 . 1 . 1 . 1 Total Hacks 73 | . . . 15 . 1 . 6 4 1 4 1 6 2 8 1 4 12 2 2 . 1 2 1 Successful 31 | . . . 7 . 1 . 3 2 1 1 1 . 1 2 1 1 5 . 2 . 1 1 1 Failed 42 | . . . 8 . . . 3 2 . 3 . 6 1 6 . 3 7 2 . . . 1 . Catastrophic 7 | . . . 1 . . . 1 . . . . 1 . 1 . 1 1 . . . . 1 . Database Lockouts . | . . . . . . . . . . . . . . . . . . . . . . . . Manual 19 | . . . 13 . 1 . 2 . . . . . . . . . 3 . . . . . . Terminals 58 | . . . 15 . . . 5 4 . 4 . 6 . 8 . 4 8 2 . . . 2 . Fabricators 2 | . . . . . . . . . . . . . . . . . 1 . 1 . . . . Repair Stations 3 | . . . . . . . . . . . . . 1 . . . 2 . . . . . . Recycling Units . | . . . . . . . . . . . . . . . . . . . . . . . . Scanalyzers . | . . . . . . . . . . . . . . . . . . . . . . . . Garrison Access 9 | . . . . . . . 1 . 1 . 1 . 1 . 1 . 1 . 1 . 1 . 1 Terminal Hacks 16 | . . . 5 . 1 . 2 2 . 1 . . . 2 . 1 1 . . . . 1 . Record 1 | . . . 1 . . . . . . . . . . . . . . . . . . . . Part Schematic 1 | . . . 1 . . . . . . . . . . . . . . . . . . . . Branch Access Points 1 | . . . 1 . . . . . . . . . . . . . . . . . . . . Emergency Access Points 5 | . . . . . . . . 1 . 1 . . . 1 . 1 . . . . . 1 . Terminal Index 1 | . . . 1 . . . . . . . . . . . . . . . . . . . . Unreport Threat 3 | . . . . . . . 2 . . . . . . . . . 1 . . . . . . Zone Layout 1 | . . . 1 . . . . . . . . . . . . . . . . . . . . Patrol Navigation 1 | . . . . . . . . 1 . . . . . . . . . . . . . . . Security Stations 1 | . . . . . . . . . . . . . . 1 . . . . . . . . . Derelict Proto ID Bank 1 | . . . . . 1 . . . . . . . . . . . . . . . . . . Fabricator Hacks 2 | . . . . . . . . . . . . . . . . . 1 . 1 . . . . Build 2 | . . . . . . . . . . . . . . . . . 1 . 1 . . . . Repair Station Hacks 2 | . . . . . . . . . . . . . . . . . 2 . . . . . . Scan Component 1 | . . . . . . . . . . . . . . . . . 1 . . . . . . Repair 1 | . . . . . . . . . . . . . . . . . 1 . . . . . . Recycling Unit Hacks . | . . . . . . . . . . . . . . . . . . . . . . . . Scanalyzer . | . . . . . . . . . . . . . . . . . . . . . . . . Garrison Access Hacks 9 | . . . . . . . 1 . 1 . 1 . 1 . 1 . 1 . 1 . 1 . 1 Unlock Access 8 | . . . . . . . 1 . 1 . 1 . 1 . 1 . 1 . 1 . 1 . . Seal Access 1 | . . . . . . . . . . . . . . . . . . . . . . . 1 Unauthorized Hacks 2 | . . . 2 . . . . . . . . . . . . . . . . . . . . Terminals 2 | . . . 2 . . . . . . . . . . . . . . . . . . . . Botnet 2 | . . . 2 . . . . . . . . . . . . . . . . . . . . Fabricators . | . . . . . . . . . . . . . . . . . . . . . . . . Repair Stations . | . . . . . . . . . . . . . . . . . . . . . . . . Recycling Units . | . . . . . . . . . . . . . . . . . . . . . . . . Scanalyzers . | . . . . . . . . . . . . . . . . . . . . . . . . Garrison Access . | . . . . . . . . . . . . . . . . . . . . . . . . Data Cores Recovered . | . . . . . . . . . . . . . . . . . . . . . . . . Used . | . . . . . . . . . . . . . . . . . . . . . . . . Hacking Detections 26 | . . . 3 . . . 3 1 1 2 1 2 2 2 . 3 3 1 1 . . 1 . Full Trace Events 2 | . . . . . . . . . . . . 1 . 1 . . . . . . . . . Feedback Events . | . . . . . . . . . . . . . . . . . . . . . . . . Feedback Blocked . | . . . . . . . . . . . . . . . . . . . . . . . . Robot Schematics Acquired . | . . . . . . . . . . . . . . . . . . . . . . . . Robots Built . | . . . . . . . . . . . . . . . . . . . . . . . . Authchips . | . . . . . . . . . . . . . . . . . . . . . . . . Time . | . . . . . . . . . . . . . . . . . . . . . . . . Total Robot Build Rating . | . . . . . . . . . . . . . . . . . . . . . . . . Part Schematics Acquired 1 | . . . 1 . . . . . . . . . . . . . . . . . . . . Parts Built 3 | . . . . . . . . . . . . . . . . . 1 . 2 . . . . Authchips . | . . . . . . . . . . . . . . . . . . . . . . . . Time 278 | . . . . . . . . . . . . . . . . . 139 . 139 . . . . Total Part Build Rating 27 | . . . . . . . . . . . . . . . . . 9 . 18 . . . . Parts Repaired 1 | . . . . . . . . . . . . . . . . . 1 . . . . . . Time 26 | . . . . . . . . . . . . . . . . . 26 . . . . . . Parts Recycled . | . . . . . . . . . . . . . . . . . . . . . . . . Recycled Matter . | . . . . . . . . . . . . . . . . . . . . . . . . Retrieved Matter . | . . . . . . . . . . . . . . . . . . . . . . . . Retrieved Components . | . . . . . . . . . . . . . . . . . . . . . . . . Parts Scanalyzed . | . . . . . . . . . . . . . . . . . . . . . . . . Part Schematics Acquired . | . . . . . . . . . . . . . . . . . . . . . . . . Parts Damaged . | . . . . . . . . . . . . . . . . . . . . . . . . Bothacking | -11 -10 -10 -9 -9 -9 -8 -8 -8 -7 -7 -7 -7 -6 -6 -5 -5 -4 -4 -3 -3 -2 -2 -1 ------------ Run | Yrd Mat Min Mat Min Exi Min Mat Gar Fac Gar Fac Gar Fac Gar Fac Gar Fac Gar Res Gar Res Gar Acc Used RIF Installer 9 | . . . . . . . . 2 . 1 . 1 . 1 . 1 . 1 . 1 . 1 . Hotswap 1 | . . . . . . . . 1 . . . . . . . . . . . . . . . Code Merge 1 | . . . . . . . . . . . . . . . . . . 1 . . . . . Command Fork 1 | . . . . . . . . . . . . . . 1 . . . . . . . . . Robot Detection 1 | . . . . . . . . . . . . . . . . . . . . 1 . . . Structural Interface 1 | . . . . . . . . . . . . 1 . . . . . . . . . . . Autooverride 2 | . . . . . . . . . . 1 . . . . . 1 . . . . . . . Crosswire 1 | . . . . . . . . . . . . . . . . . . . . . . 1 . Robots Hacked 84 | . . . . . . . . . . . . . . 2 . 4 7 12 11 12 . 18 18 Non-combat 2 | . . . . . . . . . . . . . . . . . 1 . . . . . 1 Combat 82 | . . . . . . . . . . . . . . 2 . 4 6 12 11 12 . 18 17 Autooverrided 27 | . . . . . . . . . . . . . . 1 . . 3 6 4 4 . 3 6 Robot Hacks Applied 71 | . . . . . . . . . . . . . . 1 . 4 4 9 8 9 . 16 20 parse_system 3 | . . . . . . . . . . . . . . . . . . . . 2 . 1 . check_alert 1 | . . . . . . . . . . . . . . . . . . . . . . . 1 purge_threat 6 | . . . . . . . . . . . . . . . . . . . . . . . 6 disarm_traps 1 | . . . . . . . . . . . . . . . . . . . . . . . 1 find_shortcuts 1 | . . . . . . . . . . . . . . . . . . . . . . . 1 find_garrison 1 | . . . . . . . . . . . . . . . . . . . 1 . . . . amplify_resonance 10 | . . . . . . . . . . . . . . . . . . 1 5 . . 1 3 overwrite_iff 3 | . . . . . . . . . . . . . . 1 . . . 1 . 1 . . . streamctrl_high 2 | . . . . . . . . . . . . . . . . . . 1 . 1 . . . formatsys_low 1 | . . . . . . . . . . . . . . . . . 1 . . . . . . formatsys_high 42 | . . . . . . . . . . . . . . . . 4 3 6 2 5 . 14 8 Relay Couplers Released 81 | . . . . . . . . 8 . 12 . . . 11 . 3 1 13 . 16 . 17 . Machine Destruction 77 | . . . . . . . . 4 . 12 . . . 11 . 3 1 13 . 16 . 17 . Programmers 4 | . . . . . . . . 4 . . . . . . . . . . . . . . . Attached 19 | . . . . . . . . . . . . . . 3 . 2 1 5 1 5 . 2 . Crosswired 5 | . . . . . . . . . . . . . . . . . . . . . . 5 . Merged Code Value 184 | . . . . . . . . . . . . . . . . . . 49 . 47 . 88 . Fabnet Peak Effective % . | . . . . . . . . . . . . . . . . . . . . . . . . Robots Rewired 13 | . . . . . . . . . . . . . . 2 . 1 1 8 . 1 . . . Allies Hacked 1 | . . . . . . . . . . . . . . . . . . . 1 . . . . Hacks Repelled . | . . . . . . . . . . . . . . . . . . . . . . . . Allies | -11 -10 -10 -9 -9 -9 -8 -8 -8 -7 -7 -7 -7 -6 -6 -5 -5 -4 -4 -3 -3 -2 -2 -1 -------- Run | Yrd Mat Min Mat Min Exi Min Mat Gar Fac Gar Fac Gar Fac Gar Fac Gar Fac Gar Res Gar Res Gar Acc Total Allies 97 | . . 3 . . . . . . . . . . . 4 . 8 8 21 6 16 . 17 14 Largest Group 12 | . . 3 3 . . . . . . . . . . 3 . 5 5 12 12 5 3 11 11 Highest-Rated Group 672 | . . 40 40 . . . . . . . . . . 255 . 345 283 510 510 338 229 672 655 Highest-Rated Ally 119 | . . 16 16 . . . . . . . . . . 85 . 119 110 116 64 116 85 85 85 Total Orders 6 | . . . . . . . . . . . . . . . . 2 3 . . 1 . . . STAY 1 | . . . . . . . . . . . . . . . . 1 . . . . . . . FOLLOW 1 | . . . . . . . . . . . . . . . . 1 . . . . . . . GUARD 1 | . . . . . . . . . . . . . . . . . . . . 1 . . . AID 2 | . . . . . . . . . . . . . . . . . 2 . . . . . . EXPLORE 1 | . . . . . . . . . . . . . . . . . 1 . . . . . . Ally Attacks 571 | . . . 29 . . . . . . . . . . 40 . 49 33 43 110 57 . 80 130 Total Damage 19379 | . . . 280 . . . . . . . . . . 1743 . 2223 1748 987 2917 1939 . 2796 4746 Kills 111 | . . . 5 . . . . . . . . . . 15 . 12 7 6 16 11 . 14 25 Allies Corrupted 1 | . . . . . . . . . . . . . . . . . . . . . . . 1 Allies Melted 1 | . . . . 1 . . . . . . . . . . . . . . . . . . . Intel | -11 -10 -10 -9 -9 -9 -8 -8 -8 -7 -7 -7 -7 -6 -6 -5 -5 -4 -4 -3 -3 -2 -2 -1 ------- Run | Yrd Mat Min Mat Min Exi Min Mat Gar Fac Gar Fac Gar Fac Gar Fac Gar Fac Gar Res Gar Res Gar Acc Robot Analysis Total . | . . . . . . . . . . . . . . . . . . . . . . . . Derelict Logs Recovered 1 | . . . . 1 . . . . . . . . . . . . . . . . . . . Drone Launches 2 | . . . . . . . . . . . . . . . . . 2 . . . . . . Drone Recoveries . | . . . . . . . . . . . . . . . . . . . . . . . . Exploration | -11 -10 -10 -9 -9 -9 -8 -8 -8 -7 -7 -7 -7 -6 -6 -5 -5 -4 -4 -3 -3 -2 -2 -1 ------------- Run | Yrd Mat Min Mat Min Exi Min Mat Gar Fac Gar Fac Gar Fac Gar Fac Gar Fac Gar Res Gar Res Gar Acc Turns Passed 22627 | . 680 87 1034 643 380 484 946 1146 64 1249 29 831 737 2865 336 1617 1197 1285 2022 2242 75 1172 1506 Spaces Moved 8738 | 1 351 55 383 292 294 317 379 336 20 434 11 278 272 815 130 603 448 621 642 786 26 440 804 Core 155 | . . . 29 . . . . . . . . . . 2 . 5 . . 1 . . . 118 Treads 6438 | . 138 55 354 . . . 75 336 20 434 11 278 272 813 130 143 448 621 616 786 26 440 442 Legs 671 | 1 213 . . . . . . . . . . . . . . 455 . . . . . . 2 Wheels 1232 | . . . . 292 294 317 304 . . . . . . . . . . . 25 . . . . Hover . | . . . . . . . . . . . . . . . . . . . . . . . . Flight 242 | . . . . . . . . . . . . . . . . . . . . . . . 242 Fastest Speed 35 | 120 120 160 160 120 105 150 150 317 317 242 242 240 230 230 240 152 152 152 145 145 240 240 35 Average Speed 210 | 120 135 160 200 120 127 150 221 317 317 247 242 240 232 306 240 225 152 156 235 229 240 240 152 Slowest Speed 2450 | 120 160 160 450 120 165 150 570 317 317 317 242 242 235 1600 240 2100 152 160 2450 250 240 240 300 Overloaded Moves . | . . . . . . . . . . . . . . . . . . . . . . . . Propulsion Burnouts . | . . . . . . . . . . . . . . . . . . . . . . . . Robots Hopped . | . . . . . . . . . . . . . . . . . . . . . . . . Cave-ins Triggered . | . . . . . . . . . . . . . . . . . . . . . . . . Exploration Rate (%) 40 | 3 59 24 31 57 70 66 37 47 1 73 1 39 9 79 6 69 15 78 19 93 2 54 33 Regions Visited 23 Branch Regions 4 Pre-discovered Areas . | . . . . . . . . . . . . . . . . . . . . . . . . Known Exits Taken 10 | . . . 1 1 . . 1 . 1 . 1 . 1 . 1 . 1 . 1 . 1 . . Unknown Exits Taken 5 | 1 1 1 . . 1 1 . . . . . . . . . . . . . . . . . Scrap Searched 1 | . . . . 1 . . . . . . . . . . . . . . . . . . . Spaces Dug 19 | . . . . . . . . . . . . . . . 6 3 . . 5 5 . . . Terrain Destroyed 696 | . . . 5 1 . 1 91 3 . 46 . 28 42 15 6 49 144 9 61 81 . 56 58 Melee 6 | . . . . . . . . . . . . . . . 6 . . . . . . . . Projectile 241 | . . . 5 1 . 1 80 3 . 3 . 11 . 8 . . 12 9 52 37 . . 19 AOE 448 | . . . . . . . 11 . . 43 . 17 42 7 . 49 131 . 9 44 . 56 39 Terrain Rammed . | . . . . . . . . . . . . . . . . . . . . . . . . Walls Destroyed . | . . . . . . . . . . . . . . . . . . . . . . . . Machines Disabled . | . . . . . . . . . . . . . . . . . . . . . . . . Actions | -11 -10 -10 -9 -9 -9 -8 -8 -8 -7 -7 -7 -7 -6 -6 -5 -5 -4 -4 -3 -3 -2 -2 -1 --------- Run | Yrd Mat Min Mat Min Exi Min Mat Gar Fac Gar Fac Gar Fac Gar Fac Gar Fac Gar Res Gar Res Gar Acc Total 11546 | . 450 54 502 576 301 326 464 401 20 517 12 365 331 990 139 779 838 821 999 1076 40 540 1005 Wait 1279 | . 12 . 17 280 . 10 17 28 . 9 . 32 11 12 . 42 259 87 218 125 2 34 84 Move 8722 | . 350 54 382 291 293 316 379 335 20 433 11 277 272 814 130 602 448 620 642 785 26 439 803 Hop . | . . . . . . . . . . . . . . . . . . . . . . . . Pick Up 158 | . 2 . 7 . 1 . 17 12 . 4 . 1 5 10 1 25 25 10 10 18 1 4 5 Fast Attach 129 | . 4 . 3 . 2 . 9 2 . 3 . 2 6 13 . 21 7 8 15 16 4 3 11 Attach 89 | . 3 . 1 1 . . 7 3 . 5 . . 6 18 . 8 7 2 6 13 . 2 7 Detach 27 | . 3 . . . 3 . 4 . . 2 . . 1 1 . 1 1 . 4 1 . 2 4 Swap 86 | . 1 . 3 . . . 3 1 . 6 1 3 3 11 1 12 15 4 13 6 . . 3 Drop 120 | . 4 . 7 . 2 . 8 6 . 4 . 4 6 8 . 14 8 9 10 9 7 3 11 Fire 842 | . 71 . 82 4 . . 20 10 . 49 . 37 20 51 1 54 67 81 79 91 . 48 77 Melee 56 | . . . . . . . . . . . . . . 46 6 . . . . 4 . . . Ram . | . . . . . . . . . . . . . . . . . . . . . . . . Kick . | . . . . . . . . . . . . . . . . . . . . . . . . Crush 4 | . . . . . . . . . . . . . 1 . . . 1 . 2 . . . . Escape Stasis 34 | . . . . . . . . 4 . 2 . 9 . 6 . . . . . 8 . 5 . Rewire . | . . . . . . . . . . . . . . . . . . . . . . . . Trap . | . . . . . . . . . . . . . . . . . . . . . . . . Miscellaneous . | . . . . . . . . . . . . . . . . . . . . . . . . Route ------- -11/Scrapyard -10/Materials (discovered 2 exits: *Mat / [*Min]) -10/Mines -9/Materials (discovered 4 exits: *Min x2 / *Sto x2) -9/Mines (discovered 2 exits: *Mat / *Exi) -9/Exiles -8/Mines -8/Materials (discovered 2 exits: *Fac / Gar) -8/Garrison -7/Factory -7/Garrison (discovered 3 exits: *Fac x3) -7/Factory -7/Garrison -6/Factory -6/Garrison (discovered 3 exits: *Fac x3) -5/Factory -5/Garrison (discovered 2 exits: *Fac x2) -4/Factory (discovered 2 exits: *Res / Gar) -4/Garrison (discovered 2 exits: *Res x2) -3/Research (discovered 2 exits: *Res / Gar) -3/Garrison (discovered 2 exits: *Res x2) -2/Research -2/Garrison (discovered 2 exits: *Acc x2) -1/Access To Epsilon Eridani History --------- Turn | Location | Event 1 | -11/Scrapyard | Discovered new exit (range 0) 1 | -11/Scrapyard | Entered Materials 314 | -10/Materials | Build established: Mutant 315 | -10/Materials | Discovered new exit (range 16) 588 | -10/Materials | Core integrity fell below 50% 667 | -10/Materials | Discovered new exit (range 7) 681 | -10/Materials | Entered Mines 710 | -10/Mines | Met a Derelict bent on vengeance 744 | -10/Mines | Discovered new exit (range 7) 761 | -10/Mines | Assisted by bots powering up and referring to "LRC-V3" 768 | -10/Mines | Entered Materials 768 | -9/Materials | Accompanied by 3 allies 768 | -9/Materials | Evolved 2 slots: Utility x2 993 | -9/Materials | Identified exit to Mines 993 | -9/Materials | Identified exit to Storage 1126 | -9/Materials | Lost 3 allies 1258 | -9/Materials | Destroyed 9 combat bots 1802 | -9/Materials | Entered Mines 1803 | -9/Mines | Assembled infested the area 1808 | -9/Mines | Assisted by a Guerilla fighting off Assembled 2343 | -9/Mines | Identified exit to Exiles 2381 | -9/Mines | Found a hidden stash of uninstalled traps 2394 | -9/Mines | Discovered new exit (range 13) 2439 | -9/Mines | Deemed a non-threat by the Exiles lab entrance 2445 | -9/Mines | Entered Exiles 2475 | -9/Exiles | Met 8R-AWN 2495 | -9/Exiles | Met EX-HEX 2531 | -9/Exiles | Met EX-BIN 2544 | -9/Exiles | Aligned with FarCom system 2545 | -9/Exiles | Given EX-Vault access code 2574 | -9/Exiles | Opened EX-Vault 2590 | -9/Exiles | Found AWS/Gauss 2617 | -9/Exiles | Warned to stay clear of 0b10 Research branches 2651 | -9/Exiles | Met EX-DEC 2802 | -9/Exiles | Discovered new exit (range 14) 2825 | -9/Exiles | Left Exiles lab with AWS/Gauss 2825 | -9/Exiles | Entered Mines 3285 | -8/Mines | Discovered new exit (range 9) 3309 | -8/Mines | Entered Materials 3309 | -8/Materials | Evolved 2 slots: Utility x1, Weapon x1 3917 | -8/Materials | Discovered new exit (range 15) 3926 | -8/Materials | Garrison activated, responded to threat 3931 | -8/Materials | Build established: Tank 3982 | -8/Materials | Lost 4 parts (1p3u) 3998 | -8/Materials | Destroyed 10 combat bots 4077 | -8/Materials | Garrison activated, responded to threat 4255 | -8/Materials | Identified exit to Garrison 4255 | -8/Materials | Entered Garrison 4337 | -8/Garrison | Triggered checkpoint 4433 | -8/Garrison | Installed Relay Interface Framework 4493 | -8/Garrison | Garrison Relay disabled 4548 | -8/Garrison | Expanded RIF knowledge: Hotswap 4589 | -8/Garrison | Triggered checkpoint 4637 | -8/Garrison | AWS/Gauss suddenly broke down 5372 | -8/Garrison | Discovered new exit (range 10) 5401 | -8/Garrison | Entered Factory 5401 | -7/Factory | Evolved 2 slots: Propulsion x2 5465 | -7/Factory | Identified exit to Garrison 5465 | -7/Factory | Entered Garrison 5566 | -7/Garrison | Triggered checkpoint 5570 | -7/Garrison | Triggered checkpoint 5630 | -7/Garrison | Destroyed 10 combat bots 5779 | -7/Garrison | Garrison Relay disabled 5825 | -7/Garrison | Discovered new exit (range 15) 6008 | -7/Garrison | Garrison Relay disabled 6085 | -7/Garrison | Build established: Bothacker-Tank 6174 | -7/Garrison | Discovered new exit (range 8) 6212 | -7/Garrison | Triggered checkpoint 6407 | -7/Garrison | Spotted B-75 Beast 6481 | -7/Garrison | Triggered checkpoint 6507 | -7/Garrison | Triggered checkpoint 6656 | -7/Garrison | Expanded RIF knowledge: Autooverride 6688 | -7/Garrison | Discovered new exit (range 12) 6714 | -7/Garrison | Entered Factory 6743 | -7/Factory | Identified exit to Garrison 6743 | -7/Factory | Entered Garrison 6953 | -7/Garrison | Triggered checkpoint 6953 | -7/Garrison | Triggered checkpoint 7083 | -7/Garrison | Triggered checkpoint 7478 | -7/Garrison | Expanded RIF knowledge: Structural Interface 7542 | -7/Garrison | Discovered new exit (range 11) 7574 | -7/Garrison | Entered Factory 7574 | -6/Factory | Evolved 2 slots: Utility x2 8297 | -6/Factory | Cargo convoy interrupted 8311 | -6/Factory | Identified exit to Garrison 8311 | -6/Factory | Entered Garrison 8387 | -6/Garrison | Spotted Striker 8387 | -6/Garrison | Spotted Striker 8453 | -6/Garrison | Destroyed Striker 8467 | -6/Garrison | Destroyed Striker 8495 | -6/Garrison | Lost 11 parts (1p3n4u3w) 8615 | -6/Garrison | Triggered checkpoint 8639 | -6/Garrison | Core integrity fell below 50% 8710 | -6/Garrison | Build established: Bothacker-Mutant 8935 | -6/Garrison | Garrison Relay disabled 9006 | -6/Garrison | Spotted B-75 Beast 9023 | -6/Garrison | Destroyed B-75 Beast 9073 | -6/Garrison | Rewired B-75 Beast 9078 | -6/Garrison | Rewired B-75 Beast 9356 | -6/Garrison | Spotted B-75 Beast 9361 | -6/Garrison | Triggered checkpoint 9367 | -6/Garrison | Triggered checkpoint 9380 | -6/Garrison | Destroyed B-75 Beast 9591 | -6/Garrison | Triggered checkpoint 9607 | -6/Garrison | Learned Factory security intel 9626 | -6/Garrison | Garrison Relay disabled 9640 | -6/Garrison | Build established: Bothacker-Tank 9727 | -6/Garrison | Lost 4 parts (1p1n2u) 10005 | -6/Garrison | Build established: Bothacker-Mutant 10279 | -6/Garrison | Garrison Relay disabled 10514 | -6/Garrison | Discovered new exit (range 2) 10592 | -6/Garrison | Build established: Botlord-Skirmisher 10767 | -6/Garrison | Discovered new exit (range 12) 11116 | -6/Garrison | Discovered new exit (range 12) 11162 | -6/Garrison | Expanded RIF knowledge: Command Fork 11176 | -6/Garrison | Entered Factory 11176 | -5/Factory | Evolved 2 slots: Utility x2 11476 | -5/Factory | First assault squad dispatched 11512 | -5/Factory | Identified exit to Garrison 11512 | -5/Factory | Entered Garrison 11646 | -5/Garrison | Lost 4 parts (2n2u) 11726 | -5/Garrison | Triggered checkpoint 11981 | -5/Garrison | Spotted Striker 12027 | -5/Garrison | Rewired Executioner 12047 | -5/Garrison | Allies destroyed Striker 12165 | -5/Garrison | Door terminal overloaded 12166 | -5/Garrison | Rescued a captive Derelict 12198 | -5/Garrison | Found embedded Infiltrators 12257 | -5/Garrison | Triggered checkpoint 12259 | -5/Garrison | Spotted B-75 Beast 12274 | -5/Garrison | Triggered checkpoint 12278 | -5/Garrison | Allies destroyed B-75 Beast 12331 | -5/Garrison | Build established: Botlord-Tank 12380 | -5/Garrison | Triggered checkpoint 12501 | -5/Garrison | Discovered new exit (range 11) 12648 | -5/Garrison | Triggered checkpoint 12762 | -5/Garrison | Discovered new exit (range 8) 12851 | -5/Garrison | Lost 5 parts (1p3n1u) 13029 | -5/Garrison | Garrison Relay disabled 13036 | -5/Garrison | Triggered checkpoint 13054 | -5/Garrison | Expanded RIF knowledge: Autooverride 13129 | -5/Garrison | Entered Factory 13129 | -4/Factory | Accompanied by 2 allies 13129 | -4/Factory | Evolved 2 slots: Utility x2 13195 | -4/Factory | Repaired Huge Storage Unit 13379 | -4/Factory | First assault squad dispatched 13550 | -4/Factory | Build established: Botlord-Skirmisher 13623 | -4/Factory | Lost 7 allies 14145 | -4/Factory | Garrison activated, responded to threat 14171 | -4/Factory | System corruption reached 10% 14201 | -4/Factory | Lost 3 parts (3u) 14247 | -4/Factory | Fabricated Adv. Heavy Siege Treads (x1) 14302 | -4/Factory | Discovered new exit (range 15) 14326 | -4/Factory | Identified exit to Garrison 14326 | -4/Factory | Entered Garrison 14326 | -4/Garrison | Accompanied by 1 ally 14429 | -4/Garrison | Garrison Relay disabled 14453 | -4/Garrison | Found embedded Infiltrators 14458 | -4/Garrison | Triggered checkpoint 14798 | -4/Garrison | Spotted B-86 Titan 14806 | -4/Garrison | Triggered checkpoint 14811 | -4/Garrison | Triggered checkpoint 14859 | -4/Garrison | Lost 3 parts (1n2u) 14870 | -4/Garrison | Triggered checkpoint 14902 | -4/Garrison | Lost 4 allies 14933 | -4/Garrison | Discovered new exit (range 12) 14946 | -4/Garrison | Expanded RIF knowledge: Code Merge 15100 | -4/Garrison | Triggered checkpoint 15146 | -4/Garrison | Garrison Relay disabled 15174 | -4/Garrison | Triggered checkpoint 15320 | -4/Garrison | Triggered checkpoint 15407 | -4/Garrison | Garrison Relay disabled 15422 | -4/Garrison | Triggered checkpoint 15495 | -4/Garrison | Build established: Botlord-Gunner 15570 | -4/Garrison | Discovered new exit (range 9) 15611 | -4/Garrison | Entered Research 15611 | -3/Research | Accompanied by 12 allies 15611 | -3/Research | Evolved 2 slots: Utility x2 15861 | -3/Research | First assault squad dispatched 15899 | -3/Research | Fabricated Enh. Nova Cannon (x2) 16007 | -3/Research | Lost 11 allies 16306 | -3/Research | Discovered new exit (range 11) 16820 | -3/Research | Lost 5 parts (1n3u1w) 17180 | -3/Research | Found Prototype Launcher 17180 | -3/Research | Identified Adv. Micro-nuke Launcher 17502 | -3/Research | System corruption reached 10% 17633 | -3/Research | Identified exit to Garrison 17633 | -3/Research | Entered Garrison 17663 | -3/Garrison | Lost 4 parts (3u1w) 17701 | -3/Garrison | Triggered checkpoint 17745 | -3/Garrison | Lost 3 allies 17869 | -3/Garrison | Triggered checkpoint 17884 | -3/Garrison | Garrison Relay disabled 18091 | -3/Garrison | Triggered checkpoint 18093 | -3/Garrison | Spotted B-86 Titan 18104 | -3/Garrison | Hijacked Titan 8a control node with streamctrl_high 18112 | -3/Garrison | Triggered checkpoint 18114 | -3/Garrison | Triggered checkpoint 18129 | -3/Garrison | Triggered checkpoint 18210 | -3/Garrison | Destroyed Titan 8a 18215 | -3/Garrison | Found Unknown Protection 18215 | -3/Garrison | Identified Hvy. Reflective Plating 18719 | -3/Garrison | Spotted Executioner 18742 | -3/Garrison | Lost 3 parts (3u) 18800 | -3/Garrison | Lost 3 parts (1n2u) 18851 | -3/Garrison | Discovered new exit (range 14) 18901 | -3/Garrison | Found embedded Infiltrators 18927 | -3/Garrison | Triggered checkpoint 18937 | -3/Garrison | Garrison Relay disabled 18994 | -3/Garrison | Build established: Botlord-Skirmisher 19158 | -3/Garrison | Garrison Relay disabled 19189 | -3/Garrison | Triggered checkpoint 19405 | -3/Garrison | Triggered checkpoint 19454 | -3/Garrison | Spotted B-90 Cyclops 19467 | -3/Garrison | Allies destroyed B-90 Cyclops 19629 | -3/Garrison | Rewired B-75 Beast 19722 | -3/Garrison | Discovered new exit (range 8) 19746 | -3/Garrison | Expanded RIF knowledge: Robot Detection 19875 | -3/Garrison | Entered Research 19875 | -2/Research | Accompanied by 3 allies 19875 | -2/Research | Evolved 2 slots: Utility x2 19950 | -2/Research | Identified exit to Garrison 19950 | -2/Research | Entered Garrison 19950 | -2/Garrison | Accompanied by 3 allies 19974 | -2/Garrison | Garrison Relay disabled 20051 | -2/Garrison | Triggered checkpoint 20087 | -2/Garrison | Garrison Relay disabled 20191 | -2/Garrison | Build established: Botlord-Tank 20287 | -2/Garrison | Triggered checkpoint 20287 | -2/Garrison | Spotted B-90 Cyclops 20296 | -2/Garrison | Destroyed B-90 Cyclops 20318 | -2/Garrison | Triggered checkpoint 20320 | -2/Garrison | Triggered checkpoint 20351 | -2/Garrison | Lost 4 allies 20421 | -2/Garrison | Discovered new exit (range 10) 20456 | -2/Garrison | Triggered checkpoint 20535 | -2/Garrison | Garrison Relay disabled 20832 | -2/Garrison | Expanded RIF knowledge: Crosswire 20840 | -2/Garrison | Build established: Botlord-Mutant 20882 | -2/Garrison | Discovered new exit (range 14) 20946 | -2/Garrison | Triggered checkpoint 20979 | -2/Garrison | Garrison Relay disabled 21122 | -2/Garrison | Entered Access 21122 | -1/Access | Accompanied by 10 allies 21122 | -1/Access | Evolved 2 slots: Utility x2 21191 | -1/Access | Energy Cycler disabled 21522 | -1/Access | Build established: Botlord-Tank 21691 | -1/Access | Lost 6 allies 21875 | -1/Access | Garrison activated, responded to threat 21925 | -1/Access | Lost 7 allies 21930 | -1/Access | Destroyed 10 combat bots 22122 | -1/Access | First assault squad dispatched 22252 | -1/Access | Spotted B-99 Colossus 22374 | -1/Access | Lost 10 parts (2n6u2w) 22580 | -1/Access | Released all parts (8) 22586 | -1/Access | System corruption reached 10% 22625 | -1/Access | Discovered new exit (range 6) 22628 | *** | Escaped! Last Messages --------------- 22587_ K-01 Serf collects debris. 22588_ P-80 Master resets P-80 Master, system corruption cleaned. 22588_ Slug penetrates Wall. 22589_ RIF reveals location of hidden door. 22593_ Acquired Unknown Device. 22593_ Identified Graphene Brace. 22594_ Wave Collapse Detector explodes. 22596_ The unstable cave ceiling collapses. 22598_ RIF reveals location of hidden door. 22603_ System corrupted: Heat flow error (+178). 22619_ System corrupted: Matter fused (-7). 22620_ K-01 Serf cleans the Terminal. 22622_ ALERT: Significant disruption in Zone 7D, assault force dispatched. 22625_ The Access Shell folds into the floor. 22625_ EXIT=FOUND 22625_ K-01 Serf cleans the Terminal. 22627_ Dropped Graphene Brace. [Achievement: 40k Club] Map ----- +----------------------------------------------------+ | ?????????????????????????????????????????????????? | | ?????????????????????????????????????????????????? | | ?????????????????????????????????????????????????? | | ?????????????????????????????????????????????????? | | ?????????????????????????????????????????????????? | | ?????????????????????????????????????????????????? | | ?????????????????????????????????????????????????? | | ?????????????????????????????????????????????????? | | ?????????????????????????????????????????????????? | | ?????????????????????????????????????????????????? | | ?????????????????????????????????????????????????? | | ?????????????????????????????????????????????????? | | ?????????????????????????????????????????????????? | | ?????????????????????????????????????????????????? | | ?????????????????????BB????BB????????????????????? | | ?????????????????????BB????BB????????????????????? | | ###??????????????????????????????????????????????? | | #??????????????????????????????????????????????? | | # #??????????????????????????????????????????????? | | # #??????????????????????????????????????????????? | | # #????????????????#""""""""""#??????????????????? | | # #????????????????# #??????????????????? | | #+########?????????# #??????????????????? | | " #?????????# #??????????????????? | | """ #?????????# "" #??????????????????? | | """ #?????????# "@ #??????????????????? | | " #?????????# ! #??????????????????? | | #?????????# #??????????????????? | | #?????????# #??????????????????? | | #????????## ##?????????????????? | | #????????# #?????????????????? | | ##########????????##"" ##?????????????????? | | ???????????????????#"" #??????????????????? | | ???????????????????#"" #??????????????????? | | ???????????????????#T #??????????????????? | | ???????????????????#"" #??????????????????? | | ???????????????????#"" #??????????????????? | | ####################"" #####??????????????? | | p p k w ??????????? | | ??????????? | | +#####################################???????????? | | ???????????????????????????????????????????????? | | ???????????????????????????????????????????????? | | "" ??????????????????????????????????????????????? | | "" ??????????????????????????????????????????????? | | S ?????????????????????????????????????????????? | | "" ?????????????????????????????????????????????? | | "" ????????????????????????????????????????????? | | ?? ????????????????????????????????????????????? | | ?? * #???????????????????????????????????????????? | +----------------------------------------------------+ Best States ------------- Heat Dissipation 150 Coolant Potential 200 Energy Generation 25 Energy Capacity 900 Matter Stores 300 Matter Capacity 300 Sight Range 16 Terrain Scan Density 10 Base Temperature (-) 200 Armor Coverage 1800 Resistance: KI 25 Resistance: TH 25 Resistance: EM 15 Core Shielding 30 Propulsion Shielding 66 Point Defense Rating 240 Evasion (%) 63 Target Analysis 11 Core Analysis 6 Armor Integrity Analysis 40 Recoil Reduction 4 Matter Filtering 30 Relay Coupler Types 9 Relay Coupler Value 266 Item Schematics ----------------- Huge Storage Unit | -9/Materials | Hacked Robot Schematics ------------------ None Fabricated ------------ Adv. Heavy Siege Treads | x1 | -4/Factory | Preloaded Enh. Nova Cannon | x2 | -3/Research | Preloaded Alien Tech Used ----------------- None Achievements -------------- 40k Club Just Shoot The Terminal Pwned Challenges ------------ None Game ------ Seed MetafiberTripodFalx Manual? 0 Play Time 03:07:07 Cumulative 82.4 hours Start 2024.11.08 @ 04:23:30 End 2024.11.08 @ 07:55:42 Sessions 1 Manual Loads 0 Difficulty Rogue Special Mode None Game No. 63 Rogue 45 Adventurer 16 Explorer 2 Win Type 0 Total 3 Types 3/0/0/0/0/0/0/0/0 Lore% 15 Gallery% 52 Achievement% 49 Wizard Run 0 Options --------- Layout 2 ASCII 0 Keyboard 0 Movement Numpad Keybinds 1 Fullscreen 2 Font 24/Terminus Map View 50x44 Zoom Use 0% Tactical HUD 1 Map Filters NONE Filters NONE Steam 1 RUN: 2e417c44-f778-47c0-b98d-658df1c86d84